 Dungeon Crawl Stone Soup version 0.27-a0-1525-g1038ab4fd7 (webtiles) character file.

Game seed: 13499019946181147614

203 Wyvernaa the Caller (level 6, -2/32 HPs)
             Began as a Kobold Summoner on July 10, 2021.
             Was an Initiate of Yredelemnul.
             Shot with an arrow by a centaur (13 damage)
             ... on level 4 of the Dungeon.
             The game lasted 00:19:03 (5081 turns).

Wyvernaa the Caller (Kobold Summoner)               Turns: 5081, Time: 00:19:04

Health: -2/32      AC:  4    Str:  5    XL:     6   Next: 8%
Magic:  4/11       EV: 19    Int: 18    God:    Yredelemnul [......]
Gold:   199        SH:  0    Dex: 16    Spells: 6/12 levels left

rFire    . . .     SeeInvis .   f - +0 dagger
rCold    . . .     Faith    .   (shield restricted)
rNeg     . . .     Spirit   .   a - +1 robe
rPois    .         Reflect  .   j - +0 helmet
rElec    .         Harm     .   (no cloak)
rCorr    .         Rampage  .   (no gloves)
Will     .....                  (no boots)
Stlth    ++++......             (no amulet)
HPRegen  0.10/turn              h - +4 ring of evasion
MPRegen  0.12/turn              (no ring)

@: studying Bows
A: small, no large weapons, nightstalker 3
a: Renounce Religion


You were on level 4 of the Dungeon.
You worshipped Yredelemnul.
Yredelemnul was noncommittal.
You visited 2 branches of the dungeon, and saw 5 of its levels.

You collected 199 gold pieces.

Inventory:

Hand Weapons
 f - a +0 dagger (weapon)
Armour
 a - a +1 robe (worn)
 j - a +0 helmet (worn)
Jewellery
 h - a +4 ring of evasion (left hand)
Scrolls
 e - a scroll of summoning
 i - a scroll of amnesia
 k - a scroll of brand weapon {unknown}
Potions
 b - a potion of attraction {unknown}
 c - 2 potions of curing {unknown}
 d - a potion of invisibility {unknown}
 g - 2 potions of heal wounds {unknown}


   Skills:
 * Level 2.1 Short Blades
 + Level 2.7 Dodging
 * Level 4.5 Stealth
 + Level 3.5 Spellcasting
 * Level 5.1 Summonings


You had 6 spell levels left.
You knew the following spells:

 Your Spells              Type           Power      Damage    Failure   Level
a - Summon Small Mammal   Summ           84%        N/A       1%          1
b - Call Imp              Summ           21%        N/A       2%          2
c - Call Canine Familiar  Summ           21%        N/A       5%          3

Your spell library contained the following spells:

 Spells                   Type           Power      Damage    Failure   Level
 Summon Guardian Golem    Hex/Summ       12%        N/A       16%         3
 Summon Lightning Spire   Summ/Air       12%        N/A       47%         4


Dungeon Overview and Level Annotations

Branches:
Dungeon (4/15)             Temple (1/1) D:4

Altars:
Cheibriados
Dithmenos
Fedhas
Gozag
Hepliaklqana
Kikubaaqudgha
Nemelex Xobeh
Okawaru
Qazlal
Ru
Uskayaw
Vehumet
Yredelemnul
Zin

Shops:
D:1 *?[?


Innate Abilities, Weirdness & Mutations

You are small and have problems with some larger weapons.
You are completely attuned to the shadows.


Message History

You hit the centaur.
The centaur is heavily wounded.
Your crimson imp hits the centaur but does no damage.
Your crimson imp barely misses the centaur.
The centaur hits your crimson imp. The centaur kicks your crimson imp.
Something barely misses your crimson imp.
Something completely misses your crimson imp.
You closely miss the centaur.
The centaur is heavily wounded.
The centaur barely misses you. The centaur closely misses you.
Something barely misses your crimson imp.
Something kicks your crimson imp but does no damage.
Your crimson imp barely misses the centaur.
Your crimson imp hits the centaur.
The centaur barely misses you. The centaur completely misses you.
You hit the centaur but do no damage.
The centaur is severely wounded.
Something hits your crimson imp.
Your crimson imp dies!
Your crimson imp completely misses the centaur.
The centaur barely misses you. The centaur kicks you.
Unknown command.
You hit the centaur.
The centaur is severely wounded.
The centaur hits your crimson imp.
The centaur kicks your crimson imp but does no damage.
The centaur closely misses you. The centaur misses you.
Your crimson imp barely misses the centaur.
Casting: Call Imp (safe; 2% risk of failure)
Confirm with . or Enter, or press ? or * to list all spells.
A beastly little devil appears in a puff of flame.
The centaur hits your crimson imp.
The centaur kicks your crimson imp but does no damage.
The centaur hits you. The centaur misses you.
Your crimson imp hits the centaur.
The centaur misses your crimson imp. x2
The centaur hits you. The centaur closely misses you.
The centaur wields a +0 shortbow.
The centaur shoots an arrow.
The arrow hits you!
You die...
Your body rises from the dead as a mindless zombie.

#.####.###########.#
#.# ..# #.# #.# #.#
### #.# #.# #.# #.#
#.#####.# .....#
#.......#
.....####.#####
##.##..# #.#
#...##.# #.#
#.c5#@###.#
#[#c.5.##.#
#..c#.#.....#
##..5##.###.#
##.##..# #.# .......
..# #... ###


You could see a centaur (ally target) and 2 friendly crimson imps.

Vanquished Creatures
  An orc wizard (D:4)
  3 adders
  2 dart slugs (D:3)
  An orc (D:4)
  2 ball pythons (D:2)
  2 endoplasms
  A giant cockroach (D:3)
  2 hobgoblins (D:3)
  A jackal (D:4)
  2 bats (D:3)
  2 goblins
  A rat (D:3)
20 creatures vanquished.

Vanquished Creatures (collateral kills)
  A water moccasin skeleton (D:4)
  A centaur zombie (D:4)
  A hound skeleton (D:4)
  Robin (D:2)
  2 adders (D:2)
  An ufetubus (D:3)
  7 orcs
  6 bats
  3 endoplasms
  4 giant cockroaches
  8 hobgoblins
  7 jackals
  5 quokkas
  5 ball pythons
  17 goblins
  4 kobolds
  4 rats
77 creatures vanquished.

Vanquished Creatures (others)
  6 plants (D:3)
6 creatures vanquished.

Grand Total: 103 creatures vanquished

Notes
Turn   | Place    | Note
-------+----------+-------------------------------------------
     0 | D:1      | Wyvernaa the Kobold Summoner began the quest for the Orb.
     0 | D:1      | Reached XP level 1. HP: 10/10 MP: 3/3
   309 | D:1      | Reached XP level 2. HP: 15/15 MP: 1/5
   312 | D:1      | Learned a level 2 spell: Call Imp
   833 | D:1      | Found Pebuwniss's Armour Emporium.
   868 | D:1      | Found Jaexulu Goug's Magic Scroll Boutique.
   893 | D:1      | Found Yfiavyit's General Store.
  1154 | D:1      | Found Xaxamukh's Magic Scroll Emporium.
  1426 | D:2      | Reached XP level 3. HP: 19/19 MP: 7/7
  2053 | D:2      | Noticed Robin
  2063 | D:2      | Killed Robin
  2321 | D:2      | Reached XP level 4. HP: 24/24 MP: 8/8
  2470 | D:2      | Reached skill level 1 in Short Blades
  3850 | D:3      | Reached skill level 5 in Summonings
  3850 | D:3      | Reached XP level 5. HP: 28/28 MP: 9/9
  3955 | D:3      | Found an opulent altar of Gozag.
  4250 | D:3      | Learned a level 3 spell: Call Canine Familiar
  4460 | D:4      | Found a staircase to the Ecumenical Temple.
  4494 | Temple   | Entered the Ecumenical Temple
  4741 | Temple   | Became a worshipper of Yredelemnul the Dark
  4794 | D:4      | Found a shadowy altar of Dithmenos.
  4860 | D:4      | Reached XP level 6. HP: 32/32 MP: 9/11
  5081 | D:4      | Shot with an arrow by a centaur

Illustrated notes

Levels and vault maps discovered:
D:1:      heliophobic_arrival_henge, layout_basic, serial_shops,
          nicolae_shop_crystal, nicolae_shop_crystal, nicolae_shop_stone, shop,
          minmay_tromino_v4_b
D:2:      layout_basic, serial_curves, eino_curves_01, eino_curves_04,
          eino_curves_04, eino_curves_02, uniq_robin
D:3:      minmay_angry_zag, layout_basic,
          mainiacjoe_overflow_concentric_impassable, chequers_big_river
D:4:      layout_loops_cross, nicolae_dithmenos_through_a_glass_darkly,
          nzn_wu_jian_contemplation, minmay_temple_entry_junction,
          minmay_manual_mares
Temple:   minmay_temple_bridge_abc

Skill      XL: |  1  2  3  4  5 |
---------------+----------------+-----
Stealth        | 3 4 |  4.5
Short Blades   | 2 |  2.1
Spellcasting   | 3 |  3.5
Summonings     | 5 |  5.1
Dodging        | |  2.7

Action                   |  1- 3 |  4- 6 || total
-------------------------+-------+-------++-------
Melee: Unarmed           |     5 |       ||     5
       Dagger            |    14 |    63 ||    77
 Cast: Summon Small Mamm |    14 |       ||    14
       Call Imp          |    26 |    45 ||    71
  Use: Scroll            |       |     4 ||     4
 Stab: Sleeping          |     3 |    14 ||    17
Armor: Robe              |     8 |    17 ||    25
Dodge: Dodged            |    62 |   135 ||   197

Table legend: (Time is in decaauts)
 A = Elapsed time spent in this place.
 B = Non-inter-level travel time spent in this place.
 C = Inter-level travel time spent in this place.
 D = Time resting spent in this place.
 E = Time spent auto-exploring this place.
 F = Levels seen in this place.
 G = Mean time per level.
                   A        B        C        D        E       F      G
               +--------+--------+--------+--------+--------+-----+--------+
         Total |   5088 |   4910 |    178 |    459 |   3441 |   5 | 1017.6 |
       Dungeon |   4821 |   4644 |    177 |    459 |   3266 |   4 | 1205.2 |
        Temple |    267 |    266 |      1 |      0 |    175 |   1 |  267.0 |
               +--------+--------+--------+--------+--------+-----+--------+

Top non-repeatable levels by time:
     D:3: 1535 daAuts
     D:2: 1493 daAuts
     D:1: 1279 daAuts
     D:4: 512 daAuts
  Temple: 267 daAuts
